 Zot Defence DCSS version 0.15.2 (webtiles) character file.

4012 blackwizard the Cutter (level 10, 0/96 HPs)
             Began as a Troll Summoner on May 28, 2017.
             Killed by divine providence
             ... invoked by a yellow draconian zealot
             ... summoned by a boggart
              (14 damage)
             ... in the Realm of Zot (Scenario II: Battle Heart).
             The game lasted 00:09:39 (2038 turns).

blackwizard the Cutter (Troll Summoner)             Turns: 2038, Time: 00:09:42

HP   0/96        AC  5     Str 21      XL: 10   Next:  3%
MP   8/13        EV 11     Int 11      God:
Gold 0           SH  0     Dex 10      Spells:  1 memorised, 14 levels left

rFire  . . .     SeeInvis .     n - +0 great sword
rCold  . . .     Clarity  .     a - +0 robe
rNeg   . . .     rCorr    .     (shield restricted)
rPois  .         rRot     .     (helmet restricted)
rElec  .         Spirit   .     (no cloak)
SustAb .         Warding  .     (gloves unavailable)
rMut   .         Stasis   .     (boots unavailable)
Gourm  +                        (no amulet)
MR     .....                    (no ring)
                                (no ring)

@: not resistant to hostile enchantments, very unstealthy
A: unfitting armour, claws 3, fast metabolism 3, gourmand, regeneration 2,
saprovore 2, shaggy fur 1, tough skin 2
a: Make oklob sapling, Make arrow trap, Make plant, Remove Curse, Make burning
bush, Make altar, Make grenades, Make oklob plant, Make net trap, Make ice
statue, Make spear trap


You were in the Realm of Zot.
You were not hungry.

You visited 1 branch

Inventory:

Hand weapons
 k - a +0 dagger
 l - a +0 short sword
 n - a +0 great sword (weapon)
Missiles
 j - 10 stones (quivered)
 o - 7 javelins
 p - 13 poisoned needles
Armour
 a - a +0 robe (worn)
Magical devices
 m - a wand of confusion (16)
 q - a wand of polymorph (14) {unknown}
Comestibles
 d - 2 meat rations
Scrolls
 i - a scroll of blinking
Potions
 c - 3 potions of curing
 e - a potion of heal wounds
 f - a potion of haste
 g - 2 potions of magic
 h - a potion of berserk rage
Books
 b - a book of Callings

   Spells                             Type                      Level
   *Summon Small Mammal               Summoning                    1
   Call Imp                           Summoning                    2
   Call Canine Familiar               Summoning                    3
   Summon Guardian Golem              Hexes/Summoning              4
   Summon Lightning Spire             Summoning/Air                4
   Summon Ice Beast                   Ice/Summoning                4


   Skills:
 + Level 5.1 Fighting
 + Level 7.1(7.3) Short Blades
 + Level 2.4(5.1) Long Blades
 + Level 4.6 Dodging
 - Level 1.1 Stealth
 + Level 0.8 Unarmed Combat
 + Level 3.1 Spellcasting
 + Level 5.2 Summonings
 + Level 1.0 Evocations


You had 14 spell levels left.
You knew the following spells:

 Your Spells              Type           Power        Failure   Level  Hunger
a - Summon Small Mammal   Summ           ##..         2%          1    #......


Dungeon Overview and Level Annotations

Branches:
    Zot (1/1)

Altars:

Annotations:
Zot Eustachio, Gastronok


Innate Abilities, Weirdness & Mutations

You are too large for most types of armour.
You have claws for hands.
Your metabolism is lightning-fast.
You like to eat raw meat.
You heal very quickly.
You can eat rotten meat.
You are covered in fur (AC +1).
You have very tough skin (AC +2).


Message History

Your bat's corpse disappears in a puff of smoke!
The yellow draconian zealot mumbles some strange prayers to its god.
Your quokka closely misses the yellow draconian monk.
Your bat hits the mottled draconian but does no damage.
You swap places.
Your bat misses the pale draconian.
Send 'em back where they came from!
Your bat shudders.
Your quokka shudders.
The mottled draconian spits sticky flame at your bat.
The sticky flame hits your bat.
Your bat dies!
Your bat's corpse disappears in a puff of smoke!
Your quokka misses the yellow draconian monk.
The grey draconian rages.
The electric golem blinks!
The death cob dissolves into shadows!
The yellow draconian monk rages.
Your quokka closely misses the yellow draconian monk.
The yellow draconian zealot calls down the wrath of its god upon something.
Something smites you!
You die... ........##...................#### ....dcg....###..............## ...c.b%X..## ##...........### ..{.cJKJ..# #####......## .odoOlZd..#

######## .ZJzFr....#
#5abbh.w.## ##rllKhy##########
###rrhOFD.d..r.@#######
#######.Tdqdddq3q...#
#########▓▓{..▓▓ ▓▓.....▓▓
▓▓▓.......▓▓ ▓▓▓..........▓▓▓
▓▓▓..............▓▓▓
####▓▓..................▓▓
▓▓▓▓▓▓▓▓▓▓....................▓


You could see a yellow draconian monk (berserk), a storm dragon, a mottled
draconian, a yellow draconian (berserk), 2 draconians, a pale draconian, a
yellow draconian zealot, a pale draconian annihilator, Damaas the troll, a chaos
spawn, a giant frog and a friendly quokka.

Vanquished Creatures
  A fire dragon (Zot)
  Urug (Zot)
  A hill giant zombie (Zot)
  A sky beast (Zot)
  A water moccasin (Zot)
  Purgy (Zot)
  An ogre (Zot)
  Duvessa (Zot)
  A big kobold (Zot)
  A giant frog (Zot)
  An iguana (Zot)
  A goliath beetle (Zot)
  A gnoll shaman (Zot)
  2 hounds (Zot)
  3 orc wizards (Zot)
  A worker ant (Zot)
  Ijyb (Zot)
  A gnoll (Zot)
  19 adders (Zot)
  4 giant mites (Zot)
  4 worms (Zot)
  4 orcs (Zot)
  19 bats (Zot)
  A giant cockroach (Zot)
  8 goblins (Zot)
  7 hobgoblins (Zot)
  4 jackals (Zot)
  14 kobolds (Zot)
  2 oozes (Zot)
  3 quokkas (Zot)
  2 ball pythons (Zot)
  2 giant geckos (Zot)
  3 giant newts (Zot)
  13 rats (Zot)
130 creatures vanquished.

Vanquished Creatures (collateral kills)
  A phantom (Zot)
  A bat (Zot)
  A hobgoblin (Zot)
  A ball python (Zot)
  A giant newt (Zot)
  A rat (Zot)
6 creatures vanquished.

Vanquished Creatures (others)
  10 bats (Zot)
  4 quokkas (Zot)
  10 rats (Zot)
24 creatures vanquished.

Grand Total: 160 creatures vanquished

Notes
Turn   | Place    | Note
--------------------------------------------------------------
     0 | Zot      | blackwizard, the Troll Summoner, began the quest for the Orb.
     0 | Zot      | Reached XP level 1. HP: 16/16 MP: 2/2
   201 | Zot      | Reached skill level 3 in Summonings
   213 | Zot      | Reached XP level 2. HP: 24/24 MP: 1/2
   393 | Zot      | Reached XP level 3. HP: 31/31 MP: 3/3
   467 | Zot      | Reached skill level 4 in Summonings
   467 | Zot      | Reached XP level 4. HP: 39/39 MP: 4/4
   554 | Zot      | Reached XP level 5. HP: 45/45 MP: 4/4
   634 | Zot      | Noticed Damaas
   646 | Zot      | Reached skill level 1 in Fighting
   666 | Zot      | Reached XP level 6. HP: 55/55 MP: 6/6
   675 | Zot      | Reached skill level 1 in Short Blades
   908 | Zot      | Noticed Ijyb
   957 | Zot      | Killed Ijyb
   957 | Zot      | Reached XP level 7. HP: 62/62 MP: 6/6
  1008 | Zot      | Noticed Duvessa
  1219 | Zot      | Killed Duvessa
  1267 | Zot      | Noticed Purgy
  1332 | Zot      | Killed Purgy
  1332 | Zot      | Reached XP level 8. HP: 74/74 MP: 8/8
  1412 | Zot      | Reached skill level 1 in Evocations
  1447 | Zot      | Noticed Urug
  1613 | Zot      | Noticed a slime creature
  1688 | Zot      | Killed Urug
  1688 | Zot      | Reached skill level 6 in Short Blades
  1688 | Zot      | Reached XP level 9. HP: 80/85 MP: 9/11
  1713 | Zot      | Reached skill level 5 in Summonings
  1721 | Zot      | Noticed Gastronok
  1827 | Zot      | Reached skill level 1 in Long Blades
  1828 | Zot      | Noticed a yaktaur
  1828 | Zot      | Noticed a yaktaur
  1828 | Zot      | Noticed Eustachio
  1831 | Zot      | Noticed a grey draconian
  1833 | Zot      | Reached skill level 5 in Fighting
  1833 | Zot      | Reached skill level 7 in Short Blades
  1835 | Zot      | Noticed a white draconian annihilator
  1839 | Zot      | Noticed a yellow draconian
  1842 | Zot      | Noticed a yaktaur
  1844 | Zot      | Noticed a mottled draconian
  1852 | Zot      | Noticed a death cob
  1852 | Zot      | Noticed a tentacled monstrosity
  1852 | Zot      | Noticed a moth of wrath
  1855 | Zot      | Noticed a fire dragon
  1857 | Zot      | Noticed a green draconian scorcher
  1865 | Zot      | Noticed a moth of wrath
  1866 | Zot      | Noticed a yaktaur
  1880 | Zot      | Killed a fire dragon
  1887 | Zot      | Noticed an electric golem
  1892 | Zot      | Noticed a moth of wrath
  1895 | Zot      | Noticed a yellow draconian
  1902 | Zot      | Noticed a mottled draconian
  1904 | Zot      | Noticed a moth of wrath
  1906 | Zot      | Noticed a mottled draconian shifter
  1911 | Zot      | Noticed a yellow draconian
  1918 | Zot      | Noticed a green draconian annihilator
  1935 | Zot      | Noticed a death cob
  1950 | Zot      | Noticed a death cob
  1965 | Zot      | Noticed an electric golem
  1967 | Zot      | Noticed a storm dragon
  1973 | Zot      | Noticed a grey draconian
  1973 | Zot      | Noticed a storm dragon
  1977 | Zot      | Noticed a moth of wrath
  1977 | Zot      | Reached XP level 10. HP: 54/96 MP: 12/13
  2011 | Zot      | Noticed a yellow draconian
  2011 | Zot      | Noticed a pale draconian
  2012 | Zot      | Noticed a pale draconian annihilator
  2013 | Zot      | Noticed a yellow draconian zealot
  2013 | Zot      | Noticed a yellow draconian monk
  2016 | Zot      | Noticed a mottled draconian
  2016 | Zot      | Noticed a grey draconian
  2028 | Zot      | Noticed a sun demon
  2038 | Zot      | Killed from afar by a yellow draconian zealot

Action                   |  1- 3 |  4- 6 |  7- 9 | 10-12 || total
-------------------------+-------+-------+-------+-------++-------
Melee: Unarmed           |    13 |       |       |       ||    13
       Dagger            |    47 |       |       |       ||    47
       Short sword       |    36 |   444 |   736 |       ||  1216
       Great sword       |       |       |   208 |    45 ||   253
 Cast: Summon Small Mamm |     4 |     4 |    24 |     7 ||    39
Evoke: Wand              |       |       |     3 |       ||     3
 Stab: Confused          |       |       |     1 |       ||     1
       Distracted        |       |       |     1 |       ||     1
